 Dungeon Crawl Stone Soup version 0.23.0 (webtiles) character file.

Game seed: 17949450773642664682

5347 jujuben the Slicer (level 10, -5/60 HPs)
             Began as a Kobold Berserker on Feb 19, 2019.
             Was a Priest of Trog.
             Slain by a two-headed ogre
             ... wielding a +0 giant club
              (15 damage)
             ... on level 8 of the Dungeon.
             The game lasted 00:17:39 (10753 turns).

jujuben the Slicer (Kobold Berserker)              Turns: 10753, Time: 00:17:40

Health: -5/60      AC: 12    Str: 20    XL:     10   Next: 96%
Magic:  14/14      EV: 15    Int:  9    God:    Trog [***...]
Gold:   437        SH:  8    Dex: 16    Spells: 9/9 levels left

rFire    . . .     SeeInvis .   J - +2 dagger (holy)
rCold    . . .     Gourm    .   m - +0 shield
rNeg     . . .     Faith    .   v - +2 leather armour {MR+}
rPois    +         Spirit   .   I - +0 helmet
rElec    .         Reflect  .   D - +0 cloak
rCorr    .         Harm     .   N - +2 pair of gloves
MR       +++..                  f - +0 pair of boots
Stlth    +++.......             x - amulet of magic regeneration
HPRegen  1.20/turn              F - ring of poison resistance
MPRegen  0.39/turn              P - +4 ring of strength

@: berserk cooldown, regenerating, slowed, very slow
A: small, carnivore
a: Berserk, Trog's Hand, Renounce Religion


You were on level 8 of the Dungeon.
You worshipped Trog.
Trog was most pleased with you.
You were full.

You visited 1 branch of the dungeon, and saw 10 of its levels.
You also visited: Sewer.

You collected 437 gold pieces.

Inventory:

Hand Weapons
 a - a +0 short sword
 b - a +3 dagger
 g - a cursed +0 blowgun
 y - a cursed +0 lajatang
 J - a +2 dagger of holy wrath (weapon)
 K - a +0 shortbow
Missiles
 e - 176 stones (quivered)
 i - 59 sling bullets
 k - 116 arrows
 l - 33 poisoned needles
 u - 6 tomahawks
 z - 124 bolts
 C - 7 needles of frenzy
 E - 3 exploding tomahawks
 O - a throwing net
Armour
 f - a +0 pair of boots (worn)
 m - a +0 shield (worn)
 v - a +2 leather armour of magic resistance (worn)
 w - a +0 leather armour of fire resistance
 D - a +0 cloak (worn)
 I - a +0 helmet (worn)
 N - a +2 pair of gloves (worn)
 R - a +1 ring mail of cold resistance
Jewellery
 n - an uncursed ring of wizardry
 x - an amulet of magic regeneration (around neck)
 A - an uncursed ring of protection from magic
 F - a ring of poison resistance (left hand)
 P - a +4 ring of strength (right hand)
Wands
 j - a wand of iceblast (4)
 M - a wand of polymorph (7)
Scrolls
 o - 5 scrolls of remove curse
 B - 4 scrolls of identify
 L - 2 scrolls of teleportation
 Q - a scroll of fog
 S - a scroll of enchant weapon {unknown}
 T - a scroll of fear {unknown}
Potions
 d - 6 potions of flight
 h - 3 potions of curing
 p - a potion of ambrosia
 q - 3 potions of heal wounds
 r - a potion of magic
 s - 2 potions of mutation
 t - 2 potions of agility
 G - a potion of cancellation
 H - a potion of haste
Comestibles
 c - 15 rations


   Skills:
 + Level 6.3 Fighting
 - Level 12.0 Short Blades
 * Level 5.7 Staves
 + Level 4.3 Armour
 + Level 6.3 Dodging
 + Level 6.8 Stealth
 + Level 5.6 Evocations


You had 9 spell levels left.
You didn't know any spells.
Your spell library contained the following spells:

 Spells                   Type           Power        Failure   Level  Hunger
 Confusing Touch          Hex            #.....       97%         1    ##.....
 Sandblast                Erth           #.....       97%         1    ##.....
 Passwall                 Tmut/Erth      #.......     99%         2    ###....
 Confuse                  Hex            #.......     100%        3    ####...
 Gell's Gravitas          Tloc           #.........   100%        3    ####...
 Stone Arrow              Conj/Erth      #.....       100%        3    ####...
 Petrify                  Tmut/Erth      #.......     100%        4    #####..
 Lee's Rapid Deconstruct  Erth           #.........   100%        5    ######.
 Metabolic Englaciation   Hex/Ice        #.........   100%        5    ######.
 Yara's Violent Unravell  Hex/Tmut       #.........   100%        5    ######.


Dungeon Overview and Level Annotations

Branches:
Dungeon (10/15)            Temple (0/1) D:7
   Lair: D:8-11         Orc: D:9-12

Altars:
Ashenzari
Dithmenos
Elyvilon
Gozag
Makhleb
Nemelex Xobeh
Okawaru
Ru
Trog
Uskayaw

Shops:
D:4 [


Innate Abilities, Weirdness & Mutations

You are small and have problems with some larger weapons.
You are carnivorous and can eat meat at any time.


Message History

You barely miss the two-headed ogre.
You are no longer berserk.
You are exhausted.
You feel yourself slow down.
Your shield prevents you from hitting the two-headed ogre.
The two-headed ogre hits you with a +0 giant club. x2
You hit the two-headed ogre but do no damage.
The two-headed ogre hits you with a +0 giant club!!
* * * LOW HITPOINT WARNING * * *
You block the two-headed ogre's attack.
You are too injured to fight recklessly!
You are too injured to fight recklessly!
Things that are here:
a +0 dagger; a +0 robe
Okay, then.
You feel much better.
The two-headed ogre hits you with a +0 giant club!! x2
* * * LOW HITPOINT WARNING * * *
The two-headed ogre hits you with a +0 giant club!
You die...

...## ####.......>.######
...#####.................#
.......#.....>...........#
...##..#.................#
...##..#......<..........#
...##..#....#####'########
.......#....+......#
.......'....#......#
...##..#....#...@†##
...###+#....#..)O)#
...##..#....#...).#
.......#....+..[..#
.......#....#.....#
)......#....#..(..#
)#######....#.....#
.#####......#.....#
.....#......#......


You could see a two-headed ogre.

Vanquished Creatures
  Harold (D:10)
  2 trolls
  Prince Ribbit (D:6)
  A meliai zombie (D:10)
  A yak (D:7)
  A human (D:7)
  3 hogs (D:7)
  Menkaure (D:5)
  3 sky beasts
  3 orc warriors
  4 ogres
  3 centaurs
  A crocodile (D:10)
  3 big kobolds
  2 bullfrogs
  3 scorpions (D:5)
  2 howler monkeys (D:7)
  3 crimson imps
  4 bullfrog zombies
  3 hounds
  3 orc priests
  2 bullfrog skeletons
  Terence (D:2)
  5 iguanas
  Ijyb (D:4)
  2 orc wizards
  6 worker ants
  2 killer bee zombies
  A hound zombie (D:8)
  A worker ant zombie (D:5)
  10 gnolls
  13 adders
  3 river rats (D:4)
  A shadow imp (D:6)
  2 adder skeletons
  An adder zombie (D:7)
  6 worms
  A dart slug (D:1)
  5 leopard geckos
  10 orcs
  8 bats
  3 giant cockroaches
  4 goblins
  6 hobgoblins
  8 jackals
  3 quokkas
  2 ball pythons
  A frilled lizard (D:1)
  19 kobolds
  2 quokka zombies
  13 rats
190 creatures vanquished.

Notes
Turn   | Place    | Note
-------+----------+-------------------------------------------
     0 | D:1      | jujuben the Kobold Berserker began the quest for the Orb.
     0 | D:1      | Reached XP level 1. HP: 14/14 MP: 1/1
   163 | D:1      | Reached XP level 2. HP: 18/19 MP: 2/2
   393 | D:1      | Reached skill level 5 in Short Blades
  1092 | D:1      | Reached XP level 3. HP: 17/23 MP: 3/3
  1248 | D:2      | Noticed Terence
  1257 | D:2      | Killed Terence
  1257 | D:2      | Reached skill level 6 in Short Blades
  1368 | D:2      | Reached XP level 4. HP: 28/28 MP: 4/4
  1415 | D:2      | Reached ** piety under Trog
  1694 | D:2      | Noticed a moth of wrath
  1697 | D:2      | Found a bloodstained altar of Trog.
  1868 | D:2      | Found a shadowy altar of Dithmenos.
  2081 | D:2      | Found a sparkling altar of Nemelex Xobeh.
  2193 | D:3      | Found a faded altar of an unknown god.
  2213 | D:3      | Reached skill level 7 in Short Blades
  2213 | D:3      | Reached XP level 5. HP: 15/32 MP: 5/5
  3313 | D:4      | Found Comi Ufa's Armour Emporium.
  3334 | D:4      | Reached skill level 8 in Short Blades
  3344 | D:4      | Noticed Ijyb
  3369 | D:4      | Killed Ijyb
  3369 | D:4      | Reached XP level 6. HP: 37/37 MP: 6/6
  3515 | D:4      | Found a glowing drain.
  3522 | Sewer    | Entered a sewer
  3647 | Sewer    | Reached skill level 9 in Short Blades
  3709 | Sewer    | Found a white marble altar of Elyvilon.
  3995 | D:4      | Found a sacrificial altar of Ru.
  4026 | D:4      | Noticed an ogre
  4034 | D:4      | Killed an ogre
  4034 | D:4      | Reached skill level 10 in Short Blades
  4034 | D:4      | Reached XP level 7. HP: 41/41 MP: 7/7
  4092 | D:4      | Found a burning altar of Makhleb.
  4257 | D:5      | Entered Level 5 of the Dungeon
  4338 | D:4      | Found a white marble altar of Elyvilon.
  4692 | D:5      | Noticed Menkaure
  4702 | D:5      | Killed Menkaure
  4702 | D:5      | Reached skill level 11 in Short Blades
  4982 | D:5      | Reached XP level 8. HP: 43/46 MP: 8/8
  5417 | D:5      | Reached skill level 1 in Stealth
  5430 | D:5      | Reached skill level 1 in Evocations
  6014 | D:5      | Found an opulent altar of Gozag.
  6621 | D:6      | Reached skill level 1 in Staves
  6662 | D:6      | Noticed Prince Ribbit
  6676 | D:6      | Killed Prince Ribbit
  6676 | D:6      | Reached XP level 9. HP: 48/52 MP: 10/10
  7005 | D:6      | Reached *** piety under Trog
  7701 | D:7      | Found a staircase to the Ecumenical Temple.
  7716 | D:7      | Noticed a +0 hand axe
  7717 | D:7      | Found a hide-covered altar of Uskayaw.
  7717 | D:7      | Noticed a +0 dagger
  8374 | D:7      | Reached skill level 5 in Fighting
  8376 | D:7      | Reached skill level 12 in Short Blades
  8382 | D:7      | Reached skill level 5 in Stealth
  8382 | D:7      | Reached XP level 10. HP: 59/59 MP: 13/13
  8390 | D:7      | Reached skill level 5 in Dodging
  8983 | D:7      | Found a shattered altar of Ashenzari.
  8983 | D:7      | Found an iron altar of Okawaru.
  9526 | D:8      | You fall through a shaft for 2 floors!
  9526 | D:10     | Entered Level 10 of the Dungeon
  9574 | D:10     | Reached skill level 5 in Staves
  9627 | D:10     | Reached skill level 5 in Evocations
  9690 | D:10     | Reached **** piety under Trog
  9848 | D:10     | Noticed Harold
  9864 | D:10     | Killed Harold
 10738 | D:8      | Noticed a two-headed ogre
 10753 | D:8      | Slain by a two-headed ogre

Skill      XL: |  1  2  3  4  5  6  7  8  9 10 |
---------------+-------------------------------+-----
Short Blades   | 5 6 7 8 10 11 12 | 12.0
Stealth        | 3 5 6 |  6.8
Evocations     | 2 4 5 |  5.6
Armour         | 2 3 4 |  4.3
Dodging        | 3 4 6 |  6.3
Fighting       | 4 5 6 |  6.3
Staves         | 1 4 5 |  5.7

Action                   |  1- 3 |  4- 6 |  7- 9 | 10-12 || total
-------------------------+-------+-------+-------+-------++-------
Melee: Short sword       |    68 |   402 |   510 |       ||   980
       Dagger            |       |       |    18 |   315 ||   333
Invok: Berserk           |     2 |     5 |    12 |     5 ||    24
       Trog's Hand       |       |     5 |     3 |     3 ||    11
  Use: Scroll            |       |    12 |     5 |     2 ||    19
       Potion            |       |     1 |       |     1 ||     2
 Stab: Sleeping          |       |       |     2 |     3 ||     5
  Eat: Chunk             |     8 |    13 |    30 |    11 ||    62
Armor: Animal skin       |    11 |       |       |       ||    11
       Ring mail         |     6 |    49 |       |       ||    55
       Leather armour    |       |    16 |    65 |    55 ||   136
Dodge: Dodged            |    35 |   132 |   140 |   109 ||   416
Block: Shield            |     7 |   128 |   109 |    75 ||   319
